General information
- name: BNet
- type: Ladder team game (AT/RT)
- host: Battle.net
- saver: RepoMan!
map: Feralas_LV
- players: 8
- length: 44:41
- speed: Fast
- version: 1.29 W3XP
- replay type: Public
» download(376 KB)
Players
team 1 (loser)
NigtMAREonELFst (
red | 62 APM | 962 actions | 15:28)
5 Death Knight
2 Death Coil
2 Unholy Aura
1 Death Pact
3 Lich
2 Frost Nova
1 Frost Armor
» actions
| Build / train | 57 | |
| Enter build submenu | 12 | |
| Enter hero's abilities submenu | 8 | |
| Give item / drop item | 3 | |
| Right click | 581 | |
| Select / deselect | 241 | |
| Use ability | 60 | |
962 total
» units
| Acolyte | 11 | |
| Ghoul | 2 | |
| Crypt Fiend | 14 | |
| Forest Troll Shadow Priest | 2 | |
| Forest Troll Berserker | 1 | |
30 total
» upgrades
» buildings
| Altar of Darkness | 1 | |
| Ziggurat | 4 | |
| Tomb of Relics | 1 | |
| Graveyard | 1 | |
| Crypt | 1 | |
| Nerubian Tower | 2 | |
| Spirit Tower | 2 | |
| Halls of the Dead | 2 | |
| Necropolis | 1 | |
| Sacrificial Pit | 1 | |
| Black Citadel | 1 | |
17 total
» build order
00:11 Altar of Darkness
00:20 Ziggurat
00:28 Tomb of Relics
00:56 Graveyard
01:14 Crypt
01:23 Nerubian Tower
01:23 Nerubian Tower
01:39 Ziggurat
03:02 Ziggurat
03:35 Spirit Tower
04:36 Halls of the Dead
05:14 Halls of the Dead
06:02 Necropolis
08:22 Spirit Tower
08:24 Sacrificial Pit
08:27 Ziggurat
12:16 Black Citadel
» items
| Rod of Necromancy | 1 | |
| Potion of Lesser Invulnerability | 1 | |
| Scroll of Town Portal | 3 | |
| Scroll of Healing | 1 | |
| Periapt of Vitality | 1 | |
| Potion of Healing | 1 | |
8 total
Glorn (
blue | 119 APM | 1859 actions | 15:36)
3 Death Knight
2 Death Coil
1 Unholy Aura
2 Lich
1 Frost Nova
1 Frost Armor
1 Dreadlord
1 Sleep
» actions
| Assign group hotkey | 704 | |
| Build / train | 51 | |
| Enter build submenu | 14 | |
| Enter hero's abilities submenu | 6 | |
| Give item / drop item | 5 | |
| Right click | 810 | |
| Select / deselect | 171 | |
| Select group hotkey | 49 | |
| Use ability | 49 | |
1859 total
» units
| Acolyte | 3 | |
| Ghoul | 6 | |
| Crypt Fiend | 11 | |
20 total
» upgrades
| Web | 1 | |
| Creature Attack | 1 | |
| Creature Carapace | 1 | |
| Burrow | 1 | |
4 total
» buildings
| Altar of Darkness | 1 | |
| Ziggurat | 5 | |
| Crypt | 1 | |
| Graveyard | 1 | |
| Tomb of Relics | 1 | |
| Nerubian Tower | 1 | |
| Halls of the Dead | 2 | |
| Black Citadel | 2 | |
| Sacrificial Pit | 1 | |
| Necropolis | 2 | |
17 total
» build order
00:25 Altar of Darkness
00:28 Ziggurat
00:54 Crypt
01:16 Graveyard
01:30 Tomb of Relics
01:46 Ziggurat
02:09 Nerubian Tower
03:52 Halls of the Dead
03:52 Halls of the Dead
05:43 Ziggurat
06:12 Black Citadel
06:13 Black Citadel
08:45 Sacrificial Pit
10:25 Ziggurat
10:26 Ziggurat
10:55 Necropolis
15:02 Necropolis
» items
| Rod of Necromancy | 3 | |
| Dust of Appearance | 1 | |
| Orb of Corruption | 1 | |
| Scroll of Town Portal | 3 | |
8 total
letsgettowork (
green | 73 APM | 3250 actions | 44:38)
6 Archmage
3 Summon Water Elemental
2 Brilliance Aura
1 Mass Teleport
5 Mountain King
3 Storm Bolt
2 Bash
1 Lich
1 Frost Nova
» actions
| Assign group hotkey | 86 | |
| Basic commands | 67 | |
| Build / train | 163 | |
| ESC pressed | 4 | |
| Enter build submenu | 84 | |
| Enter hero's abilities submenu | 12 | |
| Give item / drop item | 5 | |
| Right click | 969 | |
| Select / deselect | 705 | |
| Select group hotkey | 831 | |
| Use ability | 324 | |
3250 total
» units
| Peasant | 14 | |
| Footman | 3 | |
| Rifleman | 4 | |
| Forest Troll Shadow Priest | 1 | |
| Gryphon Rider | 13 | |
| Dragonhawk Rider | 1 | |
36 total
» upgrades
| Masonry | 3 | |
| Gunpowder | 2 | |
| Long Rifles | 1 | |
| Armor | 3 | |
| Swords | 3 | |
| Lumber Harvesting | 1 | |
| Storm Hammers | 1 | |
| Animal War Training | 1 | |
| Barrage | 1 | |
| Fragmentation Shards | 1 | |
| Flare | 1 | |
| Plating | 2 | |
| Flak Cannons | 1 | |
21 total
» buildings
| Altar of Kings | 1 | |
| Barracks | 1 | |
| Farm | 12 | |
| Arcane Vault | 2 | |
| Lumber Mill | 2 | |
| Blacksmith | 1 | |
| Keep | 2 | |
| Scout Tower | 41 | |
| Guard Tower | 55 | |
| Town Hall | 2 | |
| Arcane Tower | 3 | |
| Castle | 2 | |
| Gryphon Aviary | 3 | |
| Spirit Tower | 7 | |
| Ziggurat | 5 | |
| Nerubian Tower | 4 | |
| Necropolis | 1 | |
| Altar of Darkness | 1 | |
| Workshop | 3 | |
148 total
» build order
01:08 Altar of Kings
01:21 Barracks
01:26 Farm
01:31 Farm
01:32 Farm
01:42 Farm
02:00 Farm
02:08 Arcane Vault
02:47 Lumber Mill
02:51 Lumber Mill
03:57 Blacksmith
04:18 Keep
04:19 Keep
05:01 Scout Tower
05:54 Guard Tower
05:54 Guard Tower
06:20 Farm
07:18 Town Hall
07:20 Scout Tower
07:24 Scout Tower
07:25 Scout Tower
07:27 Scout Tower
07:29 Scout Tower
07:53 Arcane Tower
08:03 Guard Tower
08:10 Guard Tower
08:11 Guard Tower
09:18 Castle
09:18 Castle
11:03 Gryphon Aviary
11:05 Gryphon Aviary
11:14 Gryphon Aviary
11:33 Scout Tower
11:34 Scout Tower
11:36 Scout Tower
11:40 Scout Tower
11:42 Scout Tower
12:07 Guard Tower
12:07 Guard Tower
12:12 Guard Tower
12:13 Guard Tower
12:20 Guard Tower
12:28 Guard Tower
15:48 Spirit Tower
15:48 Spirit Tower
15:54 Ziggurat
15:55 Ziggurat
15:58 Ziggurat
16:00 Ziggurat
16:06 Spirit Tower
16:07 Spirit Tower
16:25 Scout Tower
16:26 Scout Tower
16:27 Scout Tower
16:27 Scout Tower
16:29 Scout Tower
16:46 Spirit Tower
16:46 Spirit Tower
16:47 Nerubian Tower
16:47 Nerubian Tower
16:59 Spirit Tower
17:20 Guard Tower
17:20 Guard Tower
17:22 Scout Tower
17:24 Farm
17:25 Farm
17:32 Scout Tower
17:52 Guard Tower
17:53 Guard Tower
17:56 Scout Tower
18:04 Necropolis
18:14 Scout Tower
18:31 Guard Tower
18:31 Guard Tower
18:38 Guard Tower
18:38 Guard Tower
18:50 Arcane Vault
18:53 Guard Tower
18:53 Guard Tower
19:22 Scout Tower
19:30 Scout Tower
19:33 Scout Tower
19:40 Scout Tower
19:54 Guard Tower
19:54 Guard Tower
20:09 Altar of Darkness
20:12 Ziggurat
20:18 Guard Tower
20:20 Guard Tower
20:21 Guard Tower
20:25 Guard Tower
20:25 Guard Tower
20:25 Guard Tower
22:40 Scout Tower
22:41 Scout Tower
22:42 Scout Tower
22:44 Scout Tower
22:56 Scout Tower
22:57 Scout Tower
22:59 Scout Tower
23:02 Scout Tower
23:12 Guard Tower
23:12 Guard Tower
23:29 Nerubian Tower
23:29 Nerubian Tower
23:45 Guard Tower
23:45 Guard Tower
23:56 Guard Tower
23:56 Guard Tower
24:11 Guard Tower
24:11 Guard Tower
24:12 Guard Tower
24:12 Guard Tower
24:20 Guard Tower
24:36 Scout Tower
24:37 Scout Tower
24:38 Scout Tower
25:01 Scout Tower
25:08 Guard Tower
25:09 Guard Tower
25:13 Guard Tower
25:13 Guard Tower
25:34 Guard Tower
25:35 Guard Tower
31:22 Town Hall
31:27 Scout Tower
31:28 Scout Tower
31:31 Scout Tower
31:36 Scout Tower
31:57 Guard Tower
31:57 Guard Tower
31:58 Guard Tower
31:58 Guard Tower
32:01 Guard Tower
32:01 Guard Tower
32:01 Guard Tower
32:04 Arcane Tower
32:04 Arcane Tower
32:39 Scout Tower
33:05 Guard Tower
33:05 Guard Tower
38:06 Workshop
38:07 Workshop
38:09 Workshop
40:16 Farm
40:17 Farm
40:23 Farm
40:28 Farm
» items
| Scroll of Regeneration | 4 | |
| Mechanical Critter | 2 | |
| Boots of Speed | 1 | |
| Potion of Lesser Invulnerability | 1 | |
| Orb of Fire | 1 | |
| Staff of Sanctuary | 1 | |
| Scroll of Town Portal | 2 | |
12 total

»
PANDOOOOOOOOOOO (
orange | 56 APM | 865 actions | 15:34)
4 Blademaster
2 Wind Walk
2 Critical Strike
» actions
| Assign group hotkey | 7 | |
| Basic commands | 1 | |
| Build / train | 39 | |
| Enter build submenu | 14 | |
| Enter hero's abilities submenu | 4 | |
| Give item / drop item | 2 | |
| Right click | 551 | |
| Select / deselect | 183 | |
| Select group hotkey | 16 | |
| Use ability | 48 | |
865 total
» units
» upgrades
| Ranged Weapons | 3 | |
| Armor | 1 | |
| Envenomed Spears | 1 | |
5 total
» buildings
| Altar of Storms | 1 | |
| Orc Burrow | 4 | |
| Voodoo Lounge | 1 | |
| Stronghold | 1 | |
| War Mill | 1 | |
| Beastiary | 2 | |
| Fortress | 1 | |
| Great Hall | 1 | |
12 total
» build order
00:07 Altar of Storms
00:16 Orc Burrow
01:52 Voodoo Lounge
02:16 Stronghold
02:23 Orc Burrow
03:24 Orc Burrow
03:30 War Mill
04:41 Beastiary
05:00 Beastiary
06:34 Fortress
07:00 Orc Burrow
12:49 Great Hall
» items
| Healing Salve | 3 | |
| Lesser Clarity Potion | 2 | |
| Circlet of Nobility | 1 | |
| Boots of Speed | 1 | |
| Orb of Lightning | 1 | |
| Potion of Healing | 1 | |
9 total
team 2 (winner)

»
maui (
yellow | 84 APM | 3209 actions | 38:06)
4 Demon Hunter
2 Mana Burn
2 Evasion
4 Keeper of the Grove
2 Entangling Roots
2 Thorns Aura
3 Pandaren Brewmaster
2 Breath of Fire
1 Drunken Haze
» actions
| Assign group hotkey | 35 | |
| Basic commands | 56 | |
| Build / train | 77 | |
| Enter build submenu | 22 | |
| Enter hero's abilities submenu | 13 | |
| Give item / drop item | 3 | |
| Right click | 1214 | |
| Select / deselect | 411 | |
| Select group hotkey | 1243 | |
| Use ability | 135 | |
3209 total
» units
| Wisp | 25 | |
| Dryad | 6 | |
| Druid of the Claw | 8 | |
39 total
» upgrades
| Druid of the Claw Training | 2 | |
| Abolish Magic | 1 | |
| Mark of the Claw | 1 | |
| Well Spring | 1 | |
| Strength of the Wild | 2 | |
| Nature's Blessing | 1 | |
8 total
» buildings
| Altar of Elders | 1 | |
| Moon Well | 7 | |
| Ancient of Wonders | 1 | |
| Hunter's Hall | 1 | |
| Tree of Ages | 1 | |
| Ancient Protector | 1 | |
| Tree of Eternity | 1 | |
| Ancient of Lore | 2 | |
| Tree of Life | 3 | |
| Ancient of Wind | 1 | |
19 total
» build order
00:12 Altar of Elders
00:23 Moon Well
01:30 Moon Well
01:39 Ancient of Wonders
02:35 Hunter's Hall
03:28 Tree of Ages
03:43 Ancient Protector
03:55 Moon Well
04:53 Moon Well
05:05 Moon Well
05:49 Tree of Eternity
05:51 Ancient of Lore
05:52 Ancient of Lore
13:07 Moon Well
15:48 Tree of Life
15:49 Tree of Life
17:45 Moon Well
18:55 Tree of Life
20:46 Ancient of Wind
» items
| Staff of Preservation | 2 | |
| Potion of Healing | 3 | |
| Orb of Venom | 1 | |
| Potion of Lesser Invulnerability | 1 | |
| Scroll of Town Portal | 2 | |
9 total
1tsOver (
teal | 40 APM | 1778 actions | 44:38)
6 Death Knight
3 Death Coil
2 Unholy Aura
1 Animate Dead
4 Lich
3 Frost Nova
1 Frost Armor
» actions
| Assign group hotkey | 38 | |
| Basic commands | 236 | |
| Build / train | 81 | |
| Enter build submenu | 25 | |
| Enter hero's abilities submenu | 11 | |
| Remove unit from queue | 14 | |
| Right click | 501 | |
| Select / deselect | 444 | |
| Select group hotkey | 324 | |
| Use ability | 104 | |
1778 total
» units
| Acolyte | 7 | |
| Ghoul | 4 | |
| Crypt Fiend | 16 | |
| Meatwagon | -1 | |
| Gargoyle | 8 | |
34 total
» upgrades
| Creature Carapace | 1 | |
| Web | 1 | |
| Creature Attack | 2 | |
4 total
» buildings
| Crypt | 3 | |
| Graveyard | 1 | |
| Altar of Darkness | 1 | |
| Ziggurat | 7 | |
| Tomb of Relics | 1 | |
| Necropolis | 2 | |
| Halls of the Dead | 1 | |
| Spirit Tower | 4 | |
| Black Citadel | 2 | |
| Sacrificial Pit | 1 | |
| Slaughterhouse | 5 | |
28 total
» build order
00:11 Crypt
00:19 Graveyard
00:44 Altar of Darkness
01:00 Ziggurat
01:14 Tomb of Relics
02:09 Ziggurat
04:25 Necropolis
04:30 Necropolis
05:00 Ziggurat
05:33 Ziggurat
05:51 Ziggurat
06:06 Halls of the Dead
06:20 Ziggurat
06:24 Spirit Tower
06:58 Spirit Tower
07:02 Ziggurat
07:20 Spirit Tower
09:00 Spirit Tower
10:07 Black Citadel
10:07 Black Citadel
10:20 Crypt
10:23 Crypt
12:40 Sacrificial Pit
16:42 Slaughterhouse
16:46 Slaughterhouse
16:50 Slaughterhouse
16:52 Slaughterhouse
16:55 Slaughterhouse
» items
| Rod of Necromancy | 6 | |
| Scroll of Town Portal | 1 | |
7 total
RepoMan! (
purple | 74 APM | 3307 actions | 44:41)
7 Archmage
3 Summon Water Elemental
3 Brilliance Aura
1 Mass Teleport
» actions
| Assign group hotkey | 44 | |
| Basic commands | 342 | |
| Build / train | 90 | |
| Enter build submenu | 58 | |
| Enter hero's abilities submenu | 7 | |
| Give item / drop item | 3 | |
| Remove unit from queue | 3 | |
| Right click | 1066 | |
| Select / deselect | 516 | |
| Select group hotkey | 1041 | |
| Use ability | 135 | |
3307 total
» units
| Peasant | 22 | |
| Footman | 4 | |
| Dragonhawk Rider | 14 | |
| Gryphon Rider | 4 | |
44 total
» upgrades
| Lumber Harvesting | 2 | |
| Masonry | 3 | |
| Cloud | 1 | |
| Animal War Training | 1 | |
| Armor | 3 | |
| Swords | 3 | |
| Storm Hammers | 1 | |
14 total
» buildings
| Altar of Kings | 1 | |
| Barracks | 1 | |
| Farm | 11 | |
| Scout Tower | 33 | |
| Arcane Tower | 1 | |
| Arcane Vault | 2 | |
| Keep | 1 | |
| Lumber Mill | 2 | |
| Town Hall | 4 | |
| Guard Tower | 11 | |
| Castle | 1 | |
| Gryphon Aviary | 4 | |
| Blacksmith | 2 | |
74 total
» build order
00:55 Altar of Kings
00:58 Barracks
01:00 Farm
01:01 Farm
01:04 Farm
01:40 Scout Tower
02:19 Arcane Tower
03:21 Arcane Vault
04:15 Keep
04:18 Lumber Mill
05:00 Town Hall
05:05 Scout Tower
05:06 Scout Tower
05:07 Scout Tower
05:07 Scout Tower
05:10 Scout Tower
05:11 Scout Tower
06:06 Guard Tower
06:38 Castle
08:00 Gryphon Aviary
08:00 Gryphon Aviary
08:01 Gryphon Aviary
08:20 Gryphon Aviary
08:36 Farm
08:39 Farm
08:48 Scout Tower
08:49 Scout Tower
09:00 Blacksmith
09:07 Blacksmith
11:00 Guard Tower
11:32 Scout Tower
11:33 Scout Tower
11:33 Scout Tower
12:28 Guard Tower
12:40 Guard Tower
12:42 Guard Tower
15:26 Lumber Mill
16:12 Scout Tower
16:13 Scout Tower
16:14 Scout Tower
16:14 Scout Tower
16:16 Scout Tower
16:21 Scout Tower
16:22 Scout Tower
16:23 Scout Tower
16:24 Scout Tower
16:50 Guard Tower
16:53 Farm
16:54 Farm
16:55 Farm
16:55 Farm
16:57 Farm
16:57 Farm
17:01 Guard Tower
17:27 Arcane Vault
17:34 Scout Tower
17:34 Scout Tower
17:35 Scout Tower
17:35 Scout Tower
18:30 Guard Tower
18:34 Guard Tower
18:40 Town Hall
18:43 Scout Tower
18:43 Scout Tower
18:44 Scout Tower
18:44 Scout Tower
19:21 Guard Tower
19:47 Scout Tower
19:48 Scout Tower
19:49 Scout Tower
19:50 Scout Tower
21:02 Guard Tower
26:09 Town Hall
30:01 Town Hall
» items
| Scroll of Town Portal | 2 | |
| Staff of Sanctuary | 1 | |
| Ivory Tower | 2 | |
| Potion of Healing | 1 | |
| Staff of Preservation | 1 | |
7 total
imnotblue (
pink | 52 APM | 1557 actions | 30:10)
8 Tauren Chieftain
2 War Stomp
3 Endurance Aura
1 Reincarnation
2 Shockwave
» actions
| Assign group hotkey | 42 | |
| Basic commands | 23 | |
| Build / train | 97 | |
| Enter build submenu | 29 | |
| Enter hero's abilities submenu | 10 | |
| Give item / drop item | 2 | |
| Right click | 489 | |
| Select / deselect | 297 | |
| Select group hotkey | 454 | |
| Use ability | 114 | |
1557 total
» units
| Peon | 17 | |
| Grunt | 4 | |
| Tauren | 14 | |
| Troll Witch Doctor | 4 | |
| Shaman | 3 | |
| Wind Rider | 8 | |
50 total
» upgrades
| Witch Doctor Training | 2 | |
| Shaman Training | 2 | |
| Pulverize | 1 | |
| Reinforced Defenses | 1 | |
| Armor | 3 | |
| Melee Weapons | 3 | |
| Ranged Weapons | 1 | |
13 total
» buildings
| Altar of Storms | 1 | |
| Orc Burrow | 9 | |
| Barracks | 1 | |
| Voodoo Lounge | 2 | |
| Stronghold | 1 | |
| Great Hall | 1 | |
| War Mill | 1 | |
| Fortress | 1 | |
| Spirit Lodge | 2 | |
| Tauren Totem | 3 | |
| Watch Tower | 3 | |
| Beastiary | 4 | |
29 total
» build order
00:13 Altar of Storms
00:22 Orc Burrow
00:36 Barracks
01:24 Orc Burrow
01:57 Voodoo Lounge
04:06 Stronghold
04:30 Great Hall
04:46 War Mill
05:34 Orc Burrow
06:30 Fortress
06:45 Spirit Lodge
06:51 Spirit Lodge
08:48 Orc Burrow
08:53 Tauren Totem
08:56 Tauren Totem
09:02 Orc Burrow
09:54 Tauren Totem
12:18 Orc Burrow
13:15 Watch Tower
13:19 Watch Tower
13:45 Watch Tower
15:05 Voodoo Lounge
17:24 Orc Burrow
17:27 Orc Burrow
18:06 Orc Burrow
23:02 Beastiary
24:23 Beastiary
24:26 Beastiary
24:30 Beastiary
» items
| Healing Salve | 6 | |
| Lesser Clarity Potion | 6 | |
| Potion of Healing | 2 | |
| Scroll of Town Portal | 6 | |
| Orb of Lightning | 1 | |
21 total
Chat log
(00:32 / Allies) 1tsOver: fiends to frosts, fast expo
(00:40 / Allies) 1tsOver: expo then hit
(00:41 / Allies) imnotblue: tc tauren
(01:50 / Allies) imnotblue: shreeder on this map??
(01:56 / Allies) RepoMan!: don't think so
(02:03 / Allies) 1tsOver: nope
(07:45 / Allies) RepoMan!: b
(08:30 / All) 1tsOver: \
(08:32 / Allies) 1tsOver: lumber>
(09:15 / Allies) RepoMan!: wood?
(09:18 / Allies) 1tsOver: i need
(09:25 / Allies) RepoMan!: ty
(10:48 / Allies) RepoMan!: red might hack
(10:55 / All) RepoMan!: LOVE AUTO WEB!
(11:44 / Allies) imnotblue: wood
(12:11 / Allies) 1tsOver: gonna need help[
(13:28 / Allies) 1tsOver: OMW
(13:33 / Allies) imnotblue: wood??
(16:15 / Allies) 1tsOver: gj guys
(16:15 / Allies) 1tsOver: gg
(18:33 / Allies) imnotblue: all towers
(19:27 / Allies) imnotblue: grif towers
(19:52 / Allies) maui: get hawks
(19:53 / Allies) imnotblue: use wagon break trees
(20:11 / Allies) imnotblue: go through trees
(20:32 / Allies) imnotblue: dude
(20:38 / Allies) imnotblue: wtf u doing
(20:44 / Allies) 1tsOver: bro
(20:54 / Allies) imnotblue: break trees
(21:04 / Allies) imnotblue: fuck all in
(22:10 / Allies) maui: um ok
(22:12 / Allies) maui: having fun
(22:16 / Allies) maui: i didnt do shit to you
(22:20 / Allies) 1tsOver: yea
(22:22 / Allies) 1tsOver: lets not do that
(22:26 / Allies) maui: just win faggot ass purple
(22:52 / Allies) imnotblue: he tk lol
(22:57 / Allies) maui: wjhhat a loser
(23:00 / Allies) maui: ok im afk
(23:04 / Allies) maui: faggot ass bitch
(23:05 / Allies) maui: go win this for me
(23:07 / Allies) maui: how bout that
(25:16 / Allies) imnotblue: he has mass tower
(26:05 / Allies) imnotblue: stay with me teal
(28:25 / Allies) imnotblue: gold teal
(28:43 / Allies) imnotblue: purple u suck balls
(29:40 / Allies) 1tsOver: hes probably friends with green
(29:43 / Allies) 1tsOver: and there fucking around
(29:55 / Allies) imnotblue: yea
(29:59 / Allies) imnotblue: tk list
(30:02 / Allies) imnotblue: all good
(30:06 / Allies) imnotblue: see u guys
(30:09 / All) RepoMan!: pink is putting us on the tk list
(30:11 / All) RepoMan!: Say it isn't so
(30:21 / All) letsgettowork: uh oh
(35:03 / All) RepoMan!: peons
(35:06 / All) RepoMan!: outisde yopur nturaly
(35:08 / All) letsgettowork: omw
(35:30 / All) RepoMan!: mop up teal base
(35:45 / All) RepoMan!: that your critter up there/
(35:49 / All) letsgettowork: yeah
(36:47 / All) letsgettowork: Why leave
(36:50 / All) letsgettowork: You can talk here
(36:53 / All) letsgettowork: don't have to whisper me
(36:55 / All) letsgettowork: Looks like I win
(36:58 / All) letsgettowork: think I'll stay for it
(37:08 / All) letsgettowork: your username is it's over, well right back at you buddy, give up, you lost
(37:35 / All) RepoMan!: Thanks for staying green
(37:37 / All) RepoMan!: So I can tk !
(37:42 / All) RepoMan!: told you I would bro
(37:50 / All) RepoMan!: most peopel don't stick around tho so thanks!
(38:13 / All) letsgettowork: Teal leave please
(38:16 / All) letsgettowork: Give me my hard earned victory
(40:33 / All) RepoMan!: pink base
(41:51 / All) letsgettowork: Leave and give my win
(42:04 / All) RepoMan!: Teal you're being really stubborn and rude
(42:11 / All) RepoMan!: Just leave and stop wasting all our time
(42:22 / All) letsgettowork: he's a jerkwad
(42:29 / All) RepoMan!: You're such a baby, waah didn't get my win now I just waste people's time
(42:32 / All) RepoMan!: ;like a petulant child
(42:35 / All) letsgettowork: selfish noob doesn't want to give me my win
(42:36 / All) RepoMan!: Baby need a nappy"?
(43:57 / All) letsgettowork: teal
(43:58 / All) letsgettowork: Please leave
(44:25 / All) RepoMan!: Teal this is really petty
(44:26 / All) RepoMan!: Just leave